AoeStats
← 余生

Nomad

505582189Analyzed
4v4 RM · 23d ago on Sep 10, 2026· 21m 37s· 8 players
Game mode
Random Map
Map size
231×231
Population
200
Speed
Normal
Resources
Standard
Victory
Conquest
Starting age
Dark Age
Ending age
Imperial Age
RankedLock teamsTeams togetherTeam positionsShared explorationLock speedFull tech treeHidden civsTurbo modeCheats
Victory
Defeat
🇦🇷 Vikings · Argentina
1358
+11
🇺🇸 Lithuanians · United States
1272
+15
🇦🇷 Spanish · Argentina
1240
+16
🇦🇷 Ethiopians · Argentina
1164
+19
🇻🇳 Koreans · Vietnam
1278
-17
🇨🇦 Malay · Canada
1250
-16
🇨🇳 Armenians · China
1239
-15
🇨🇳 Saracens · China
1190
-13
Theodore
14:59 Feudal Age
15:14 Double-Bit Axe
15:20 Gold Mining
16:07 Fletching
余生
5:19 Loom
halong1301
8:56 Loom
14:27 Feudal Age
19:06 Castle Age
17:14 Stone Mining
18:47 Double-Bit Axe
21:50 Bow Saw
帝国新手
3:57 Loom
13:34 Feudal Age
14:20 Double-Bit Axe
17:48 Fletching
20:48 Castle Age
L0RD28
4:39 Loom
16:03 Feudal Age
17:58 Horse Collar
20:41 Double-Bit Axe
Duckmann23
6:54 Loom
13:14 Feudal Age
18:54 Castle Age
17:59 Bloodlines
18:08 Double-Bit Axe
18:56 Gold Mining
MartKing90
9:18 Loom
14:53 Feudal Age
mdrocchi
4:28 Loom
12:37 Feudal Age
13:35 Double-Bit Axe
19:58 Castle Age
18:08 Horse Collar
19:12 Fletching
20:40 Bodkin Arrow
Connection lost

Rejoining the realm…

Still unreachable

The connection could not be restored.

Session expired

The server has moved on; the page needs a fresh start.